 Dungeon Crawl Stone Soup version 0.21.0-3-g78d12a8bdd (webtiles) character file.

372 Livsi the Slasher (level 7, -1/52 HPs)
             Began as a Human Fighter on Jan 16, 2018.
             Was an Initiate of Wu Jian.
             Slain by an orc warrior
             ... wielding a +0 mace
              (5 damage)
             ... on level 4 of the Dungeon.
             The game lasted 00:18:56 (2993 turns).

Livsi the Slasher (Human Fighter)                   Turns: 2993, Time: 00:18:56

Health: -1/52      AC: 15    Str: 23    XL:     7   Next: 2%
Magic:  7/7        EV:  5    Int:  8    God:    Wu Jian [......]
Gold:   216        SH: 10    Dex: 13    Spells: 6/6 levels left

rFire    . . .     SeeInvis .   a - +1 long sword
rCold    . . .     Gourm    .   c - +0 shield
rNeg     . . .     Faith    .   g - +0 plate armour
rPois    .         Spirit   .   (no helmet)
rElec    .         Reflect  .   m - +0 cloak
rCorr    .         Harm     .   (no gloves)
MR       +....                  (no boots)
Stlth    ..........             (no amulet)
HPRegen  0.17/turn              b - +2 ring of protection
MPRegen  0.10/turn              o - ring of protection from magic

@: mighty
A: sense surroundings 1, wild magic 1
a: Renounce Religion


You were on level 4 of the Dungeon.
You worshipped Wu Jian.
Wu Jian was noncommittal.
You were not hungry.

You visited 1 branch of the dungeon, and saw 4 of its levels.

You collected 216 gold pieces.

Inventory:

Hand Weapons
 a - a +1 long sword (weapon)
 l - a +2 quarterstaff of chaos
Armour
 c - a +0 shield (worn)
 g - a +0 plate armour (worn)
 m - a +0 cloak (worn)
Jewellery
 b - a +2 ring of protection (left hand)
 i - an uncursed ring of wizardry
 o - a ring of protection from magic (right hand)
Scrolls
 e - 3 scrolls of identify
 h - 2 scrolls of amnesia
 j - a scroll of fear
 p - a scroll of remove curse
Potions
 k - a potion of cancellation
Comestibles
 f - 6 rations


   Skills:
 + Level 3.6 Fighting
 + Level 4.6 Long Blades
 + Level 4.0 Armour
 + Level 1.9 Dodging
 + Level 0.3 Stealth
 + Level 4.1 Shields


You had 6 spell levels left.
You didn't know any spells.

Dungeon Overview and Level Annotations

Branches:
Dungeon (4/15)
 Temple: D:4-7

Altars:
Cheibriados
Elyvilon
Gozag
Makhleb
Nemelex Xobeh
Wu Jian
The Shining One


Innate Abilities, Weirdness & Mutations

You passively map a small area around you.
Your spells are a little harder to cast, but a little more powerful.


Message History

The ball python bites you. The ball python constricts you.
You block the orc warrior's attack. You block the orc's attack.
The ball python completely misses you. The ball python constricts you.
Your shield and plate armour prevent you from hitting the orc warrior.
The orc warrior is moderately wounded.
The orc warrior hits you with a mace!
* * * LOW HITPOINT WARNING * * *
You block the orc's attack.
The ball python bites you but does no damage.
The ball python constricts you.
The orc warrior hits you but does no damage.
You escape the ball python's grasp.
You see here 27 sling bullets.
You hit the ball python.
You kill the ball python!
The Council accepts your kill.
You slash the orc warrior!
The orc warrior is heavily wounded.
The orc warrior hits you with a mace.
You die...

####.## * #.# * #.#
,* * #+#* # * , , ,,
#. , * ###.### * , ,
##.#..o# *, , ,
####...##.#####..., *
, +......@o†........
, , ,
####...##.######.# ,
*####.###.## * * ,
#.........# ,, *
#####.###.....# * ,*
#+##.........###.# ,
#.##.###.##..# *.# *
#.##.# #.##..###.# *
####.##.###.........#


You could see an orc warrior.

Vanquished Creatures
  A centaur (D:3)
  A crimson imp (D:4)
  A hound (D:4)
  Crazy Yiuf (D:3)
  A worker ant (D:4)
  9 adders
  2 oozes
  2 worms
  A dart slug (D:2)
  10 orcs
  2 ball pythons
  3 giant cockroaches (D:1)
  8 goblins
  6 hobgoblins
  6 jackals (D:3)
  8 kobolds
  9 bats
  5 frilled lizards
  8 rats
84 creatures vanquished.

Notes
Turn   | Place    | Note
-------+----------+-------------------------------------------
     0 | D:1      | Livsi the Human Fighter began the quest for the Orb.
     0 | D:1      | Reached XP level 1. HP: 18/18 MP: 1/1
    73 | D:1      | Reached XP level 2. HP: 24/24 MP: 2/2
   402 | D:1      | Gained mutation: You passively map a small area around you. [potion of mutation]
   402 | D:1      | Gained mutation: Your spells are a little harder to cast, but a little more powerful. [potion of mutation]
   529 | D:1      | Reached XP level 3. HP: 29/29 MP: 3/3
   754 | D:2      | Reached XP level 4. HP: 23/35 MP: 4/4
  1037 | D:2      | Found an opulent altar of Gozag.
  1338 | D:2      | Reached skill level 1 in Dodging
  1338 | D:2      | Reached XP level 5. HP: 21/41 MP: 5/5
  1722 | D:3      | Found a snail-covered altar of Cheibriados.
  1781 | D:3      | Noticed a centaur
  1794 | D:3      | Killed a centaur
  1804 | D:3      | Reached XP level 6. HP: 25/47 MP: 6/6
  2163 | D:3      | Found an ornate altar of the Wu Jian Council.
  2199 | D:3      | Found a burning altar of Makhleb.
  2199 | D:3      | Found a sparkling altar of Nemelex Xobeh.
  2199 | D:3      | Found a white marble altar of Elyvilon.
  2220 | D:3      | Became a worshipper of the Wu Jian Council
  2380 | D:3      | Found a glowing golden altar of the Shining One.
  2411 | D:3      | Found a runed door.
  2415 | D:3      | Noticed Crazy Yiuf
  2424 | D:3      | Killed Crazy Yiuf
  2781 | D:3      | You fall through a shaft!
  2943 | D:4      | Reached XP level 7. HP: 52/52 MP: 7/7
  2993 | D:4      | Slain by an orc warrior

Skill      XL: |  1  2  3  4  5  6 |
---------------+-------------------+-----
Long Blades    | 3 4 |  4.6
Dodging        | 1 |  1.9
Armour         | 4 |  4.0
Shields        | 4 |  4.1
Fighting       | |  3.6
Stealth        | |  0.3

Action                   |  1- 3 |  4- 6 |  7- 9 || total
-------------------------+-------+-------+-------++-------
Melee: Long sword        |    84 |   242 |    22 ||   348
Invok: Lunge             |       |     3 |       ||     3
  Use: Scroll            |     6 |     2 |       ||     8
       Potion            |     3 |     1 |     2 ||     6
  Eat: Chunk             |       |     1 |       ||     1
       Ration            |       |     2 |       ||     2
Armor: Scale mail        |    14 |       |       ||    14
       Plate armour      |    44 |   230 |    38 ||   312
Dodge: Dodged            |    14 |    47 |     2 ||    63
Block: Shield            |    43 |   175 |    17 ||   235
       Rpst.: Long sword |     3 |    15 |     1 ||    19
